 Dungeon Crawl Stone Soup version 0.25-a0-24-g72dcfe0359 (webtiles) character file.

Game seed: 10622125505316638322, levelgen mode: deterministic

1668 Monsterracer the Cleaver (level 8, -2/73 HPs)
             Began as a Minotaur Chaos Knight on Oct 17, 2019.
             Was a Plaything of Xom.
             Slain by a two-headed ogre
             ... wielding a +0 giant spiked club
              (28 damage)
             ... on level 5 of the Dungeon.
             The game lasted 00:06:59 (4742 turns).

Monsterracer the Cleaver (Minotaur Chaos Knight)    Turns: 4742, Time: 00:06:59

Health: -2/73      AC:  6    Str: 17    XL:     8   Next: 69%
Magic:  7/7        EV: 15    Int:  9    God:    Xom [..*...]
Gold:   429        SH:  4    Dex: 10    Spells: 7/7 levels left

rFire    . . .     SeeInvis .   a - +0 war axe
rCold    . . .     Gourm    .   g - +0 buckler
rNeg     . . .     Faith    .   f - +2 leather armour
rPois    .         Spirit   .   (helmet restricted)
rElec    .         Reflect  .   (no cloak)
rCorr    .         Harm     .   (no gloves)
MR       .....                  w - +1 pair of boots
Stlth    +.........             l - amulet of regeneration
HPRegen  0.62/turn              j - +3 ring of evasion
MPRegen  0.10/turn              (no ring)

@: flying
A: retaliatory headbutt, horns 2, deformed body, weak 1
a: Renounce Religion


You were on level 5 of the Dungeon.
You worshipped Xom.
You were a toy of Xom.
You were not hungry.

You visited 1 branch of the dungeon, and saw 6 of its levels.

You collected 429 gold pieces.

Inventory:

Hand Weapons
 a - a +0 war axe (weapon)
   (You took it off an orc priest on level 3 of the Dungeon)
Armour
 f - a +2 leather armour (worn)
 g - a +0 buckler (worn)
   (You found it on level 1 of the Dungeon)
 h - a +0 chain mail
   (You found it on level 4 of the Dungeon)
 w - a +1 pair of boots (worn)
   (You found it on level 5 of the Dungeon)
Jewellery
 j - a +3 ring of evasion (left hand)
   (You found it on level 2 of the Dungeon)
 l - an amulet of regeneration (around neck)
   (You found it on level 3 of the Dungeon)
Wands
 k - a wand of disintegration (15)
   (You found it on level 3 of the Dungeon)
Scrolls
 d - a scroll of immolation {unknown}
 m - a scroll of magic mapping
 q - 2 scrolls of fear {!r}
 r - 3 scrolls of remove curse
 t - 3 scrolls of teleportation {!r}
Potions
 b - a potion of agility {unknown}
 e - a potion of curing
 p - a potion of berserk rage {unknown}
 u - a potion of ambrosia {unknown}
Comestibles
 c - 15 rations


   Skills:
 + Level 7.6 Fighting
 * Level 10.0 Axes
 - Level 4.9 Armour
 + Level 2.3 Dodging
 - Level 4.0 Shields


You had 7 spell levels left.
You didn't know any spells.
Your spell library was empty.

Dungeon Overview and Level Annotations

Branches:
Dungeon (6/15)
 Temple: D:4-7

Altars:
Cheibriados
Ru
Vehumet
Wu Jian
Xom


Innate Abilities, Weirdness & Mutations

You reflexively headbutt those who attack you in melee.
You have a pair of horns on your head.
Armour fits poorly on your strangely shaped body.
You are weak. (Str -2)


Message History

The orc wizard mumbles some strange words.
The orc wizard flickers and vanishes!
Deactivating autopickup; reactivate with Ctrl-A.
You slash the orc wizard!
The orc wizard is heavily wounded.
You slash something!
The orc wizard hits you with a +0 dagger.
Something hits you.
You slice the orc wizard!!
You kill the orc wizard!
Your Dodging skill increases to level 2!
You hit something but do no damage. Something hits you but does no damage.
No target in view!
No target in view!
No target in view!
You miss something. Your headbutt misses something.
You hear some strange, mumbled words.
A puff of flame appears from out of thin air!
The puff of flame hits you!
You closely miss something. You headbutt something. Something hits you.
You miss something. Something hits you but does no damage.
You hit something but do no damage. Something completely misses you.
You hit something.
Reactivating autopickup.
You feel a bit more experienced.
Things that are here:
a +0 dagger; a +0 robe You start resting.
HP restored.
Really walk onto that alarm trap?
You set off the alarm!
The alarm trap emits a blaring wail!
A sentinel's mark forms upon you.
You hear a shout! x2; You hear an angry hiss.
You hear a shout! x2
Something shouts, "Flee, thou puny clay-brained measle!"
You hear a shout! x9
A bullfrog comes into view.
The bullfrog releases a deep croak.
There is a stone staircase leading up here.
A bullfrog is nearby!
You swing at nothing.
You swing at nothing.
You swing at nothing.
You slash the bullfrog!
The bullfrog is heavily wounded.
The bullfrog hits you but does no damage.
You slash the bullfrog! You headbutt the bullfrog.
You kill the bullfrog!
Your Axes skill increases to level 10!
You swing at nothing.
You don't know any spells.
You start waiting.
A shadow imp comes into view.
You swing at nothing.
You swing at nothing.
A two-headed ogre comes into view.
It is wielding a +0 giant spiked club and a +0 giant club.
You closely miss the shadow imp.
The shadow imp hits you but does no damage.
You hit the shadow imp.
The shadow imp is moderately wounded.
A howler monkey zombie comes into view.
You climb upwards.
There is a stone staircase leading down here.
Okay, then.
The two-headed ogre hits you but does no damage.
The two-headed ogre hits you with a +0 giant club!!
The sentinel's mark upon you fades away.
Okay, then.
Throwing (i - inventory)
s - a throwing net (quivered)
{!f}
Press: ? - help, Shift-Dir - straight line, f - two-headed ogre
Aim: a two-headed ogre, wielding a +0 giant spiked club and a +0 giant club Really fire
s - a throwing net {!f}?
You throw a throwing net {!f}.
The throwing net {!f} hits the two-headed ogre.
The two-headed ogre is caught in the net!
The two-headed ogre struggles against the net.
You hit the two-headed ogre but do no damage.
The two-headed ogre struggles against the net.
You hit the two-headed ogre but do no damage.
The two-headed ogre struggles against the net.
You hit the two-headed ogre.
The two-headed ogre is lightly wounded.
The two-headed ogre struggles against the net.
You hit the two-headed ogre.
The two-headed ogre is lightly wounded.
The two-headed ogre struggles against the net.
The net rips apart, and the two-headed ogre comes free!
You closely miss the two-headed ogre.
The two-headed ogre is lightly wounded.
You block the two-headed ogre's attack.
The two-headed ogre hits you with a +0 giant club!!
* * * LOW HITPOINT WARNING * * *
Unknown command.
It was a potion of flight.
You feel very buoyant.
You fly up into the air.
Xom roars with laughter!
The two-headed ogre hits you with a +0 giant spiked club!!
You die...
Xom giggles madly!

#.......##...>[..#......#####
#.......##.⌠...⌠.#.####.######
#.......##.......#.# #.##....
#####....#.⌠...⌠.#.# #.##....
#....#.......#.####.##....
#....#.⌠...⌠.#........###.
#....#.......######.#.# #.
#....####O####........# #.
#........@###########.# ##
########....)...# #.#
#.......(# #.# #........# #.#
#........# #.#
#........#####.#
#........'.....#
#........####..##
#.........###...#


You could see a two-headed ogre.

Vanquished Creatures
  A floating eye (shapeshifter) (D:2)
  A sky beast (D:5)
  An orc warrior (D:5)
  A phantom (D:4)
  3 ice beasts (D:5)
  A bullfrog (D:6)
  2 crimson imps (D:5)
  A howler monkey (D:5)
  A hound (D:4)
  5 orc wizards (D:3 D:5 D:6)
  4 orc priests (D:3 D:4 D:5)
  2 jellies (D:5)
  A gnoll shaman (D:1)
  2 iguanas (D:4 D:5)
  A worker ant (D:4)
  11 adders (D:2 D:4 D:5)
  14 gnolls (D:1 D:2 D:4 D:5)
  An ooze (D:5)
  5 worms (D:2 D:3 D:5)
  13 dart slugs (D:1 D:2 D:3)
  3 leopard geckos (D:2 D:5)
  14 orcs (D:3 D:4 D:5)
  4 bats (D:1 D:3)
  6 giant cockroaches (D:1 D:2 D:3)
  12 goblins (D:1 D:2 D:3)
  7 hobgoblins (D:1 D:2 D:3)
  5 quokkas (D:3 D:4 D:5)
  7 frilled lizards (D:1 D:2 D:3 D:5)
  10 kobolds (D:1 D:2 D:3)
  A quokka skeleton (D:5)
  9 rats (D:1 D:2 D:3)
149 creatures vanquished.

Vanquished Creatures (collateral kills)
  An orc wizard (D:3)
  Robin (D:3)
  A dart slug (D:3)
  4 goblins (D:3)
  2 hobgoblins (D:3)
9 creatures vanquished.

Grand Total: 158 creatures vanquished

Notes
Turn   | Place    | Note
-------+----------+-------------------------------------------
     0 | D:1      | Monsterracer the Minotaur Chaos Knight began the quest for
                  | the Orb.
     0 | D:1      | Reached XP level 1. HP: 19/19 MP: 0/0
    62 | D:1      | Reached skill level 4 in Axes
   218 | D:1      | Reached XP level 2. HP: 27/27 MP: 1/1
   383 | D:1      | XOM: mild Hex miscast
   468 | D:1      | XOM: cast spell 'Summon Small Mammal'
   878 | D:2      | Reached XP level 3. HP: 33/33 MP: 2/2
   885 | D:2      | Reached skill level 1 in Shields
   906 | D:2      | HP: 16/33 [poisoned by an adder]
  1109 | D:2      | Reached skill level 5 in Axes
  1188 | D:2      | XOM: scenery: create altars
  1189 | D:2      | XOM: noise
  1193 | D:1      | HP: 17/34 [gnoll shaman/+0 whip (1)]
  1196 | D:1      | XOM: smoke on damage
  1197 | D:1      | Reached XP level 4. HP: 17/41 MP: 3/3
  1212 | D:1      | XOM: scenery: create altars
  1352 | D:1      | XOM: scenery: create altars
  1450 | D:2      | XOM: potion effect (haste)
  1453 | D:2      | XOM: smoke on damage
  1460 | D:2      | Noticed a glowing shapeshifter
  1460 | D:2      | a gnoll changed into a glowing shapeshifter
  1461 | D:2      | Noticed a floating eye
  1461 | D:2      | a glowing shapeshifter changed into a floating eye
  1462 | D:2      | Killed a floating eye
  1462 | D:2      | Reached skill level 6 in Axes
  1462 | D:2      | Reached XP level 5. HP: 29/47 MP: 4/4
  1464 | D:2      | Reached skill level 5 in Fighting
  1464 | D:2      | HP: 20/48 [gnoll/+0 spear (9)]
  1664 | D:2      | XOM: silly message
  1714 | D:2      | XOM: enchant monster (bad)
  1785 | D:2      | You fall into a shaft and drop 1 floor!
  1937 | D:2      | Found a snail-covered altar of Cheibriados.
  1939 | D:2      | Reached XP level 6. HP: 56/56 MP: 5/5
  1943 | D:2      | Found a radiant altar of Vehumet.
  1946 | D:2      | Found a sacrificial altar of Ru.
  1960 | D:2      | Found an ornate altar of the Wu Jian Council.
  2065 | D:2      | XOM: harmless Summ miscast
  2304 | D:3      | Noticed Robin
  2337 | D:3      | Killed Robin
  2422 | D:3      | XOM: scenery: create altars
  2579 | D:3      | Reached skill level 7 in Axes
  2992 | D:4      | Reached XP level 7. HP: 59/62 MP: 6/6
  3103 | D:4      | XOM: harmless Necr miscast
  3136 | D:4      | XOM: silly message
  3166 | D:4      | XOM: potion effect (might)
  3485 | D:5      | Entered Level 5 of the Dungeon
  3497 | D:5      | XOM: potion effect (haste)
  3502 | D:5      | Reached skill level 8 in Axes
  3585 | D:5      | Reached XP level 8. HP: 71/71 MP: 7/7
  3655 | D:5      | Reached skill level 9 in Axes
  3678 | D:5      | XOM: give mutations
  3678 | D:5      | Gained mutation: You are weak. (Str -2) [Xom's mischief]
  3678 | D:5      | Gained mutation: You evolve. [Xom's mischief]
  3678 | D:5      | Lost mutation: You evolve. [Xom's mischief]
  3678 | D:5      | Gained mutation: Armour fits poorly on your strangely
                  | shaped body. [Xom's mischief]
  3836 | D:5      | XOM: divination: magic mapping
  3842 | D:5      | XOM: potion effect (invisibility)
  4717 | D:6      | Reached skill level 10 in Axes
  4723 | D:6      | Noticed a two-headed ogre
  4741 | D:5      | HP: 25/73 [two-headed ogre/+0 giant spiked club (29)]
  4742 | D:5      | Slain by a two-headed ogre

Levels and vault maps discovered:
D:1:      mrwooster_arrival_statue, layout_basic, minmay_split_cup_small
D:2:      layout_rooms, grunt_temple_overflow_cloverleaf
D:3:      kennysheep_slugbush, layout_basic, uniq_robin
D:4:      layout_cave_pools, kennysheep_windowed_goal
D:5:      layout_basic, first_ration, minmay_misc_feat_nine_boxes,
          grunt_ministairs_3
D:6:      layout_loops_ring, minmay_temple_entry_drinking_statues,
          palyth_stone_intersect, minmay_manual_mail

Skill      XL: |  1  2  3  4  5  6  7  8 |
---------------+-------------------------+-----
Axes           | 4 5 6 7 8 10 | 10.0
Fighting       | 4 5 6 7 |  7.6
Shields        | 1 2 3 4 |  4.0
Armour         | 4 |  4.9
Dodging        | 2 |  2.3

Action                   |  1- 3 |  4- 6 |  7- 9 || total
-------------------------+-------+-------+-------++-------
Melee: Hand axe          |    78 |    92 |       ||   170
       Headbutt          |    10 |    23 |    27 ||    60
       War axe           |       |    45 |   155 ||   200
Throw: Throwing net      |       |       |     1 ||     1
  Use: Scroll            |       |       |     5 ||     5
       Potion            |       |       |     2 ||     2
 Stab: Confused          |       |     1 |       ||     1
       Invisible         |       |       |     1 ||     1
  Eat: Chunk             |     1 |     5 |     6 ||    12
Armor: Leather armour    |    39 |    24 |     8 ||    71
       Chain mail        |       |     5 |    46 ||    51
Dodge: Dodged            |    35 |    79 |    70 ||   184
Block: Buckler           |     9 |    28 |    19 ||    56

Table legend:
 A = Non-vault XP
 B = Vault XP
 C = Vault XP percentage of total XP
 D = Non-vault monster count
 E = Vault monster count
 F = Vault count percentage of total count
                 A         B        C        D         E       F
            +---------+---------+-------+---------+---------+-------
      Total |    2217 |     166 |   7.0 |     131 |      27 |  17.1
            +---------+---------+-------+---------+---------+-------
        D:1 |      84 |       5 |   5.6 |      20 |       3 |  13.0
        D:2 |     279 |       0 |   0.0 |      31 |       0 |   0.0
        D:3 |     198 |      62 |  23.8 |      29 |      21 |  42.0
        D:4 |     397 |      35 |   8.1 |      19 |       1 |   5.0
        D:5 |    1096 |      64 |   5.5 |      29 |       2 |   6.5
        D:6 |     163 |       0 |   0.0 |       3 |       0 |   0.0
            +---------+---------+-------+---------+---------+-------
